 Dungeon Crawl Stone Soup version 0.19.5 (webtiles) character file.

1957 Kosschaser the Covert (level 9, -6/54 HPs)
             Began as a Kobold Assassin on Mar 18, 2017.
             Shot with a sling bullet by Joseph (24 damage)
             ... on level 7 of the Dungeon.
             The game lasted 00:25:49 (8200 turns).

Kosschaser the Covert (Kobold Assassin)             Turns: 8200, Time: 00:25:50

Health: -6/54      AC:  5    Str: 11    XL:     9   Next: 42%
Magic:  9/9        EV: 19    Int: 12    God:
Gold:   293        SH:  0    Dex: 20    Spells: 0 memorised, 8 levels left

rFire  . . .     SeeInvis .     b - +0 blowgun
rCold  . . .     Gourm    .     c - +0 robe
rNeg   . . .     Faith    .     (shield restricted)
rPois  .         Spirit   .     (no helmet)
rElec  .         Reflect  .     d - +0 cloak
rCorr  .         Harm     .     o - +1 pair of gloves
MR     .....                    (no boots)
Stlth  +++++.....               (no amulet)
                                n - +3 ring of strength
                                w - +5 ring of slaying

@: no status effects
A: carnivore 3
a: no special abilities


You were on level 7 of the Dungeon.
You were full.

You visited 1 branch of the dungeon, and saw 7 of its levels.
You also visited: Ossuary.

You collected 293 gold pieces.

Inventory:

Hand Weapons
 b - a +0 blowgun (weapon)
 l - a +1 dagger of speed
Missiles
 e - 43 poisoned needles (quivered)
 f - 2 curare-tipped needles
 y - 3 needles of confusion
Armour
 c - a +0 robe (worn)
 d - a +0 cloak (worn)
 o - a +1 pair of gloves (worn)
Jewellery
 n - a +3 ring of strength (right hand)
 p - an uncursed ring of protection from cold
 w - a +5 ring of slaying (left hand)
Wands
 G - a wand of iceblast (6/15)
Scrolls
 a - a scroll of blinking {unknown}
 h - 5 scrolls of remove curse
 j - a scroll of recharging {unknown}
 r - 3 scrolls of random uselessness {unknown}
 s - 4 scrolls of noise {unknown}
 v - 2 scrolls of enchant armour {unknown}
 x - 3 scrolls of enchant weapon {unknown}
 C - a scroll of fog
 D - a scroll of magic mapping
 F - a scroll of brand weapon {unknown}
 H - a scroll of teleportation {unknown}
Potions
 k - 2 potions of brilliance {unknown}
 m - 11 potions of curing
 q - a potion of cure mutation {unknown}
 t - a potion of heal wounds {unknown}
 A - a potion of lignification {unknown}
 B - 2 potions of mutation {unknown}
 E - a potion of agility
 I - a potion of haste {unknown}
 J - a potion of might {unknown}
Books
 K - a book of Minor Magic

   Spells                             Type                      Level
   a - Magic Dart                     Conjuration                  1
   b - Blink                          Translocation                2
   c - Call Imp                       Summoning                    2
   d - Repel Missiles                 Charms/Air                   2
   e - Slow                           Hexes                        2
   f - Conjure Flame                  Conjuration/Fire             3
   g - Mephitic Cloud                 Conjuration/Poison/Air       3
Comestibles
 g - 4 meat rations
 i - 2 beef jerkies
 u - 3 slices of pizza
 z - a royal jelly


   Skills:
 + Level 5.3 Fighting
 + Level 8.9 Short Blades
 + Level 3.4 Throwing
 + Level 6.2 Dodging
 + Level 10.5 Stealth


You had 8 spell levels left.
You didn't know any spells.

Dungeon Overview and Level Annotations

Branches:
Dungeon (7/15)             Temple (0/1) D:7

Altars:
Nemelex Xobeh
Qazlal
Ru
Trog

Annotations:
D:3 tschems's ghost, amateur HuFi
D:5 hippity's ghost, amateur DEIE
D:7 Joseph


Innate Abilities, Weirdness & Mutations

You are small and have problems with some larger weapons.
You are carnivorous and can eat meat at any time.


Message History

Joseph looks as sick as possible!
Joseph is lightly wounded.
Joseph shoots a sling bullet.
The sling bullet hits you!
Joseph shoots a sling bullet.
The sling bullet misses you.
Firing (i - inventory. (,) - cycle):
e - 45 poisoned needles (quivered)
Press: ? - help, Shift-Dir - straight line, f/p - Joseph
Aim: Joseph, wielding a hunting sling and wearing a leather armour (lightly wounded, poisoned)
You shoot a poisoned needle. The poisoned needle hits Joseph.
Joseph looks as sick as possible!
Joseph is lightly wounded.
Joseph shoots a sling bullet.
The sling bullet hits you.
Joseph shoots a sling bullet.
The sling bullet closely misses you.
Firing (i - inventory. (,) - cycle):
e - 44 poisoned needles (quivered)
Press: ? - help, Shift-Dir - straight line, f/p - Joseph
Aim: Joseph, wielding a hunting sling and wearing a leather armour (moderately wounded, poisoned)
You shoot a poisoned needle. The poisoned needle hits Joseph!
Joseph looks as sick as possible!
Joseph is moderately wounded.
Joseph shoots a sling bullet.
The sling bullet hits you!!
You die...

#......####..............#
*
#......##...........######
###.,....####..###...##
....,,...+...........#
....,,,..####.)......#
....####.# #.......##
####.....####.##....#
................(..>#
.#.....#........@#.##
.......#########.#.#######
.......# #..(.#.......#
.......# #(.......###.#
.##.##.# #..#####.###.#
.......### #..#,,,#.....#
.........# #.@#,*,#.#####
.(....##.# #..#,*,###
......##.# #.@#,*,*


You could see Joseph.

Vanquished Creatures
  An eye of draining (D:5)
  4 ogres
  A phantom (D:6)
  A centaur (D:6)
  A bullfrog (D:6)
  A wyvern zombie (D:7)
  4 wights (D:6)
  A jelly (D:4)
  2 howler monkeys (D:6)
  2 crimson imps
  A centaur zombie (Ossuary)
  A hound (D:4)
  4 human zombies (Ossuary)
  2 orc priests
  A centaur skeleton (D:4)
  An orc wizard (D:4)
  A bullfrog skeleton (D:4)
  An iguana (D:5)
  Terence (D:3)
  3 worker ants
  5 big kobold zombies (Ossuary)
  2 hound zombies
  3 mummies (Ossuary)
  A hound skeleton (D:6)
  10 adders
  3 gnolls (D:5)
  An ooze (D:3)
  3 adder zombies (Ossuary)
  An adder skeleton (D:6)
  A worm (D:3)
  A dart slug (D:4)
  2 leopard geckos
  14 orcs
  A ball python (D:4)
  5 giant cockroaches
  6 goblins
  10 hobgoblins
  17 jackals
  3 quokkas
  7 bats
  5 frilled lizards
  A gnoll zombie (Ossuary)
  2 goblin zombies (Ossuary)
  3 hobgoblin zombies (Ossuary)
  2 jackal skeletons (D:4)
  2 jackal zombies (Ossuary)
  9 kobolds
  2 kobold zombies (Ossuary)
  2 leopard gecko skeletons
  A leopard gecko zombie (D:5)
  3 orc zombies (Ossuary)
  4 quokka zombies (Ossuary)
  4 rats
  3 rat zombies (Ossuary)
173 creatures vanquished.

Vanquished Creatures (others)
  5 toadstools (D:1)
5 creatures vanquished.

Grand Total: 178 creatures vanquished

Notes
Turn   | Place    | Note
-------+----------+-------------------------------------------
     0 | D:1      | Kosschaser the Kobold Assassin began the quest for the Orb.
     0 | D:1      | Reached XP level 1. HP: 12/12 MP: 1/1
    71 | D:1      | Reached XP level 2. HP: 17/17 MP: 2/2
    88 | D:1      | Reached skill level 6 in Stealth
   524 | D:1      | Reached XP level 3. HP: 5/21 MP: 3/3
   996 | D:2      | Found a sacrificial altar of Ru.
  1325 | D:2      | Reached XP level 4. HP: 27/27 MP: 4/4
  2203 | D:3      | Reached skill level 7 in Stealth
  2203 | D:3      | Reached XP level 5. HP: 23/31 MP: 5/5
  2249 | D:3      | Noticed tschems's ghost (amateur HuFi)
  2408 | D:3      | Noticed Terence
  2430 | D:3      | Killed Terence
  2636 | D:3      | Found a stormy altar of Qazlal.
  3220 | D:4      | Reached XP level 6. HP: 29/37 MP: 6/6
  3523 | D:4      | Found a bloodstained altar of Trog.
  4154 | D:5      | Entered Level 5 of the Dungeon
  4435 | D:5      | Reached XP level 7. HP: 30/41 MP: 7/7
  4531 | D:5      | Noticed hippity's ghost (amateur DEIE)
  4933 | D:2      | Reached skill level 5 in Short Blades
  4933 | D:2      | Reached skill level 8 in Stealth
  5624 | D:5      | Reached XP level 8. HP: 48/48 MP: 8/8
  6181 | D:5      | Reached skill level 5 in Dodging
  6934 | D:6      | Reached skill level 9 in Stealth
  7222 | D:6      | Reached XP level 9. HP: 37/53 MP: 9/9
  7618 | D:6      | Reached skill level 5 in Fighting
  7746 | D:7      | Found a sparkling altar of Nemelex Xobeh.
  7778 | D:7      | Found a sand-covered staircase.
  7783 | Ossuary  | Entered an ossuary
  7877 | Ossuary  | Reached skill level 10 in Stealth
  8181 | D:7      | Noticed Joseph
  8200 | D:7      | Shot with a sling bullet by Joseph

Skill      XL: |  1  2  3  4  5  6  7  8  9 |
---------------+----------------------------+-----
Stealth        | 6 7 8 9 10 | 10.5
Short Blades   | 3 4 6 8 |  8.9
Dodging        | 2 3 4 5 6 |  6.2
Fighting       | 3 4 5 |  5.3
Throwing       | 3 |  3.4

Action                   |  1- 3 |  4- 6 |  7- 9 || total
-------------------------+-------+-------+-------++-------
Melee: Dagger            |   102 |   372 |   532 ||  1006
 Fire: Blowgun           |       |    18 |    22 ||    40
  Use: Scroll            |       |       |     6 ||     6
 Stab: Sleeping          |     9 |    11 |    21 ||    41
       Distracted        |       |     1 |     1 ||     2
  Eat: Chunk             |     8 |     6 |    14 ||    28
Armor: Robe              |    31 |    43 |    40 ||   114
Dodge: Dodged            |    90 |   131 |   228 ||   449
